[Event "44th Chess Olympiad Women 2022"]
[Site "Chennai"]
[Date "2022.08.02"]
[Round "5.14"]
[White "Injac, Teodora"]
[Black "Zuriel, Marisa"]
[Result "1-0"]
[ECO "A37"]
[WhiteElo "2372"]
[BlackElo "2174"]
[Annotator "RC"]
[PlyCount "97"]
[EventDate "2022.07.29"]
[EventType "team-tourn"]
[EventCountry "IND"]
[SourceTitle "playchess.com"]
[Source "ChessBase"]
[SourceQuality "1"]
[WhiteTeam "Serbia"]
[BlackTeam "Argentina"]
[WhiteTeamCountry "SRB"]
[BlackTeamCountry "ARG"]
[TimeControl "40/5400+30:1800+30"]

1. Nf3 c5 2. c4 Nc6 3. Nc3 e5 4. g3 g6 5. Bg2 Bg7 6. O-O d6 7. a3 a5 8. d3 Nge7 9. Rb1 O-O 10. Ne1 Be6 11. Nd5 f5 12. Nc2 Rb8 13. b4 axb4 14. axb4 b6 15. Bg5 h6 16. Bxe7 Nxe7 17. bxc5 Bxd5 18. cxd6 Qxd6 19. cxd5 Nxd5 20. Na3 Qxa3 21. Bxd5+ Kh8 22. e4 Qd6 23. Rc1 Rbc8 24. Qb3 Rc5 25. Rb1 Rb8 26. Ra1 Bf6 27. Ra7 Rc7 28. Ra6 Bd8 29. Qb2 Kh7 30. Qb5 Be7 31. Ba2 fxe4 32. dxe4 Qf6 33. Qb3 Bc5 34. Kg2 Rf8 35. Bb1 Bd4 36. Ra2 h5 37. h4 Rc3 38. Qd1 Rf3 39. Qd2 Be3 40. Qe2 Bd4 41. Ra7+ Kh8 42. Ra2 Rf7 43. Rc2 Rf8 44. Ba2 g5 45. hxg5 Qxg5 46. Rc8 Rxf2+ 47. Rxf2 Rxc8 48. Rf5 Qg6 49. Bf7 1-0

[Event "44th Chess Olympiad Women 2022"]
[Site "Chennai"]
[Date "2022.08.02"]
[Round "5.14"]
[White "Eric, Jovana"]
[Black "Borda Rodas, Anapaola S."]
[Result "1-0"]
[ECO "C54"]
[WhiteElo "2271"]
[BlackElo "2183"]
[Annotator "NA RC"]
[PlyCount "65"]
[EventDate "2022.07.29"]
[EventType "team-tourn"]
[EventCountry "IND"]
[SourceTitle "playchess.com"]
[Source "ChessBase"]
[SourceQuality "1"]
[WhiteTeam "Serbia"]
[BlackTeam "Argentina"]
[WhiteTeamCountry "SRB"]
[BlackTeamCountry "ARG"]
[TimeControl "40/5400+30:1800+30"]

1. e4 e5 2. Nf3 Nc6 3. Bc4 Bc5 4. c3 Nf6 5. d3 d6 6. Bb3 a6 7. O-O Ba7 8. Nbd2 h6 9. Re1 g5 10. Nf1 g4 11. N3d2 Nh5 12. Nc4 Qf6 13. Be3 Nf4 14. Bxa7 Nxa7 15. Nce3 Nc6 16. Nd5 Nxd5 17. exd5 Ne7 18. d4 exd4 19. cxd4 Bd7 20. Rc1 Kd8 21. Ng3 h5 22. Qd2 h4 23. Ne4 Qg6 24. Rc3 Rh5 25. Qe3 Nxd5 26. Bxd5 Rxd5 27. Rb3 b6 28. Nc3 Rh5 29. Qe7+ Kc8 30. Ne4 Rf5 31. Rxb6 Qh6 32. Nxd6+ cxd6 33. Rxd6 1-0

[Event "44th Chess Olympiad Women 2022"]
[Site "Chennai"]
[Date "2022.08.02"]
[Round "5.14"]
[White "Campos, Maria Jose"]
[Black "Blagojevic, Tijana"]
[Result "1-0"]
[ECO "A20"]
[WhiteElo "2185"]
[BlackElo "2330"]
[Annotator "RC"]
[PlyCount "129"]
[EventDate "2022.07.29"]
[EventType "team-tourn"]
[EventCountry "IND"]
[SourceTitle "playchess.com"]
[Source "ChessBase"]
[SourceQuality "1"]
[WhiteTeam "Argentina"]
[BlackTeam "Serbia"]
[WhiteTeamCountry "ARG"]
[BlackTeamCountry "SRB"]
[TimeControl "40/5400+30:1800+30"]

1. c4 e5 2. g3 c6 3. d4 e4 4. Nc3 Bb4 5. Bg2 Nf6 6. Nh3 O-O 7. O-O Bxc3 8. bxc3 d6 9. f3 exf3 10. exf3 Be6 11. Qd3 Qa5 12. Ng5 Bf5 13. Ne4 Kh8 14. Qd2 Nxe4 15. fxe4 Bg6 16. a4 Nd7 17. Ba3 Nb6 18. Bb4 Nxc4 19. Qe2 Qa6 20. h4 h6 21. h5 Bh7 22. Rf4 f6 23. Bf1 Bg8 24. Qf2 c5 25. dxc5 Qc6 26. Bxc4 Bxc4 27. cxd6 Kg8 28. e5 a5 29. Ba3 b5 30. axb5 Bxb5 31. exf6 Rf7 32. c4 Ba6 33. Qc5 Qd7 34. Qf5 Qxf5 35. Rxf5 Bxc4 36. Rc5 Bb3 37. fxg7 Rxg7 38. Rc3 a4 39. Bc1 Rd8 40. Bf4 Kh7 41. Kf2 Rf7 42. Rc7 Kg7 43. Ke3 Ra8 44. Be5+ Kf8 45. Kd4 Ke8 46. Bf4 Ra5 47. Rc5 Rxc5 48. Kxc5 Kd7 49. Re1 Rf5+ 50. Kb4 Rxh5 51. Re7+ Kd8 52. Rh7 Rd5 53. Rxh6 Rd4+ 54. Ka3 Rd3 55. Kb4 Rd4+ 56. Kc3 Rc4+ 57. Kb2 Kd7 58. Rh7+ Ke6 59. Re7+ Kf6 60. Be5+ Kf5 61. d7 Rc2+ 62. Ka3 Ra2+ 63. Kb4 Rd2 64. Bc7 a3 65. Kxa3 1-0

[Event "44th Chess Olympiad Women 2022"]
[Site "Chennai"]
[Date "2022.08.02"]
[Round "5.14"]
[White "Sarquis, Maria Belen"]
[Black "Velikic, Adela"]
[Result "0-1"]
[ECO "B10"]
[WhiteElo "2072"]
[BlackElo "2273"]
[Annotator "RC"]
[PlyCount "140"]
[EventDate "2022.07.29"]
[EventType "team-tourn"]
[EventCountry "IND"]
[SourceTitle "playchess.com"]
[Source "ChessBase"]
[SourceQuality "1"]
[WhiteTeam "Argentina"]
[BlackTeam "Serbia"]
[WhiteTeamCountry "ARG"]
[BlackTeamCountry "SRB"]
[TimeControl "40/5400+30:1800+30"]

1. e4 c6 2. Nf3 d5 3. exd5 cxd5 4. Ne5 Nc6 5. Bb5 Bd7 6. Nxd7 Qxd7 7. d4 a6 8. Bd3 Nxd4 9. Bxh7 Rxh7 10. Qxd4 g6 11. Nc3 Bg7 12. Qd3 Qe6+ 13. Ne2 Nf6 14. h3 Qe4 15. Qxe4 Nxe4 16. c3 Rc8 17. Be3 Nd6 18. Rd1 e6 19. O-O Nc4 20. Bc1 b5 21. a3 Bh6 22. f4 Bf8 23. Nd4 Bc5 24. Kh2 Bxd4 25. Rxd4 Kd7 26. g4 Nd6 27. Kg2 Rc4 28. Rfd1 Rh8 29. Be3 Rhc8 30. Rh1 Rh8 31. Kf3 Rcc8 32. Rdd1 Nc4 33. Bd4 Rhf8 34. Rh2 f6 35. Be3 Kc6 36. h4 Rh8 37. Bc1 f5 38. Rg1 Rh6 39. g5 Rh5 40. Be3 Rch8 41. Rgh1 e5 42. fxe5 Nxe5+ 43. Kg3 Re8 44. Re2 Nc4 45. Rhe1 Re4 46. Bf4 Nxb2 47. Rxe4 dxe4 48. Ra1 Rh7 49. Be5 Nd3 50. Bd4 f4+ 51. Kg4 e3 52. Kf3 Rxh4 53. a4 Rh3+ 54. Ke2 Nc5 55. axb5+ axb5 56. Rf1 Rh2+ 57. Kf3 Nd3 58. Bxe3 Rh3+ 59. Ke4 Rxe3+ 60. Kd4 Rg3 61. Ra1 Nc5 62. Ke5 Rxg5+ 63. Kxf4 Rf5+ 64. Ke3 Kd5 65. Rg1 g5 66. Rb1 Re5+ 67. Kf3 Kc6 68. Rb4 Na6 69. Rd4 Kc5 70. Rg4 Nc7 0-1

[Event "44th Chess Olympiad Women 2022"]
[Site "Chennai"]
[Date "2022.08.02"]
[Round "5.15"]
[White "Atalik, Ekaterina"]
[Black "Efroimski, Marsel"]
[Result "1/2-1/2"]
[ECO "D02"]
[WhiteElo "2422"]
[BlackElo "2456"]
[Annotator "RC"]
[PlyCount "35"]
[EventDate "2022.07.29"]
[EventType "team-tourn"]
[EventCountry "IND"]
[SourceTitle "playchess.com"]
[Source "ChessBase"]
[SourceQuality "1"]
[WhiteTeam "Turkey"]
[BlackTeam "Israel"]
[WhiteTeamCountry "TUR"]
[BlackTeamCountry "ISR"]
[TimeControl "40/5400+30:1800+30"]

1. Nf3 d5 2. g3 Nc6 3. d4 Bf5 4. Bg2 Nb4 5. Na3 e6 6. O-O Be7 7. Ne5 Nf6 8. c3 Nc6 9. Qa4 O-O 10. Nxc6 bxc6 11. Qxc6 Rb8 12. Qa4 c5 13. dxc5 Bxc5 14. Nc2 Bg4 15. Bf3 Bh3 16. Bg2 Bg4 17. Bf3 Bh3 18. Bg2 1/2-1/2

[Event "44th Chess Olympiad Women 2022"]
[Site "Chennai"]
[Date "2022.08.02"]
[Round "5.15"]
[White "Belenkaya, Dina"]
[Black "Aydin, Gulenay"]
[Result "1-0"]
[ECO "B12"]
[WhiteElo "2256"]
[BlackElo "2100"]
[Annotator "RC"]
[PlyCount "127"]
[EventDate "2022.07.29"]
[EventType "team-tourn"]
[EventCountry "IND"]
[SourceTitle "playchess.com"]
[Source "ChessBase"]
[SourceQuality "1"]
[WhiteTeam "Israel"]
[BlackTeam "Turkey"]
[WhiteTeamCountry "ISR"]
[BlackTeamCountry "TUR"]
[TimeControl "40/5400+30:1800+30"]

1. e4 c6 2. d4 d5 3. e5 Bf5 4. Bd3 Bxd3 5. Qxd3 e6 6. Ne2 Nd7 7. O-O h5 8. Nd2 Nh6 9. Qh3 g6 10. b3 Be7 11. c4 Kf8 12. Rd1 Kg7 13. Nf1 a5 14. a4 Nb8 15. Ne3 Na6 16. Ra2 Nb4 17. Rad2 Qb6 18. Rf1 Rad8 19. Bb2 Qc7 20. Kh1 Qd7 21. Qg3 Kh7 22. Rg1 Rdg8 23. Qf3 Kg7 24. Bc3 b6 25. Ng3 Kf8 26. Qd1 Kg7 27. Ne2 Rc8 28. Nf4 Rcg8 29. Qf3 Kf8 30. Rc1 Kg7 31. Qd1 Rc8 32. Re2 Rcg8 33. Kg1 Na6 34. Rec2 Rc8 35. Nd3 Rb8 36. Bb2 Rhc8 37. Kh1 Rh8 38. Kg1 Rhc8 39. Qe2 Qb7 40. Rf1 Qd7 41. Rcc1 Rh8 42. Kh1 Rh7 43. h3 Rhh8 44. g3 Nb4 45. Nxb4 Bxb4 46. Rc2 Be7 47. Rfc1 Rhc8 48. Kg2 Nf5 49. Nxf5+ exf5 50. h4 Qe6 51. Qf3 Qd7 52. Bc3 b5 53. axb5 dxc4 54. bxc6 Qxc6 55. d5 Qb7 56. bxc4 a4 57. d6 Bd8 58. e6+ Bf6 59. Qxb7 Rxb7 60. e7 Rd7 61. c5 Bxc3 62. Rxc3 f6 63. Rd1 Kf7 64. c6 1-0

[Event "44th Chess Olympiad Women 2022"]
[Site "Chennai"]
[Date "2022.08.02"]
[Round "5.15"]
[White "Okuyaz, Duru"]
[Black "Lahav, Michal"]
[Result "0-1"]
[ECO "B50"]
[WhiteElo "2090"]
[BlackElo "2191"]
[Annotator "NA RC"]
[PlyCount "84"]
[EventDate "2022.07.29"]
[EventType "team-tourn"]
[EventCountry "IND"]
[SourceTitle "playchess.com"]
[Source "ChessBase"]
[SourceQuality "1"]
[WhiteTeam "Turkey"]
[BlackTeam "Israel"]
[WhiteTeamCountry "TUR"]
[BlackTeamCountry "ISR"]
[TimeControl "40/5400+30:1800+30"]

1. e4 c5 2. Nf3 g6 3. g3 Bg7 4. Bg2 Nc6 5. O-O Nf6 6. Re1 O-O 7. c3 d6 8. d4 cxd4 9. cxd4 a6 10. Nc3 Bd7 11. b3 Rc8 12. Bb2 Qa5 13. e5 Ne8 14. h3 Rd8 15. a3 dxe5 16. b4 Qc7 17. d5 Bc8 18. Qb3 Nd4 19. Nxd4 exd4 20. Ne2 e5 21. f4 exf4 22. Nxf4 Nd6 23. Ne2 Qb6 24. Kh1 Rfe8 25. Nf4 Nf5 26. Qd3 Bd7 27. g4 Bb5 28. Qd2 Ne3 29. Rac1 Be5 30. Nd3 Bxd3 31. Qxd3 Nxg2 32. Kxg2 Rxd5 33. Qf3 Red8 34. Rf1 R5d7 35. Rc5 Bg7 36. Qd3 Re7 37. Bc1 Rde8 38. Qf3 Rd7 39. Rf2 Qe6 40. Bd2 h6 41. b5 Qe7 42. Bb4 a5 0-1

[Event "44th Chess Olympiad Women 2022"]
[Site "Chennai"]
[Date "2022.08.02"]
[Round "5.15"]
[White "Levitan, Ronit"]
[Black "Onur, Cigdem"]
[Result "1-0"]
[ECO "B13"]
[WhiteElo "2084"]
[BlackElo "2000"]
[Annotator "NA RC"]
[PlyCount "65"]
[EventDate "2022.07.29"]
[EventType "team-tourn"]
[EventCountry "IND"]
[SourceTitle "playchess.com"]
[Source "ChessBase"]
[SourceQuality "1"]
[WhiteTeam "Israel"]
[BlackTeam "Turkey"]
[WhiteTeamCountry "ISR"]
[BlackTeamCountry "TUR"]
[TimeControl "40/5400+30:1800+30"]

1. e4 c6 2. d4 d5 3. exd5 cxd5 4. c4 Nf6 5. Nc3 Nc6 6. Nf3 Bg4 7. cxd5 Nxd5 8. Qb3 Bxf3 9. gxf3 e6 10. Qxb7 Nxd4 11. Bb5+ Nxb5 12. Qc6+ Ke7 13. Qc5+ Nd6 14. Nxd5+ exd5 15. O-O Kd7 16. Qxd5 Be7 17. Rd1 Qb6 18. Bf4 Rad8 19. Re1 Rhe8 20. Rad1 Kc8 21. Rd3 Bh4 22. Rc1+ Kd7 23. Qxf7+ Re7 24. Rxd6+ Qxd6 25. Qf5+ Re6 26. Bxd6 Kxd6 27. Rd1+ Ke7 28. Rxd8 Rg6+ 29. Kf1 Kxd8 30. Qa5+ Kc8 31. Qc5+ Kd7 32. Qd4+ Kc6 33. Qxh4 1-0

[Event "44th Chess Olympiad Women 2022"]
[Site "Chennai"]
[Date "2022.08.02"]
[Round "5.16"]
[White "Toma, Katarzyna"]
[Black "Zaksaite, Salomeja"]
[Result "1/2-1/2"]
[ECO "B33"]
[WhiteElo "2303"]
[BlackElo "2212"]
[Annotator "RC"]
[PlyCount "87"]
[EventDate "2022.07.29"]
[EventType "team-tourn"]
[EventCountry "IND"]
[SourceTitle "playchess.com"]
[Source "ChessBase"]
[SourceQuality "1"]
[WhiteTeam "England"]
[BlackTeam "Lithuania"]
[WhiteTeamCountry "ENG"]
[BlackTeamCountry "LTU"]
[TimeControl "40/5400+30:1800+30"]

1. e4 c5 2. Nf3 Nc6 3. d4 cxd4 4. Nxd4 Nf6 5. Nc3 e5 6. Ndb5 d6 7. Bg5 a6 8. Na3 b5 9. Nd5 Be7 10. Bxf6 Bxf6 11. c4 b4 12. Nc2 O-O 13. g3 a5 14. Bg2 Rb8 15. b3 g6 16. Nxf6+ Qxf6 17. O-O Bb7 18. Qd3 Qe7 19. Rad1 Rfd8 20. f4 f6 21. Kh1 Kg7 22. Rde1 Rf8 23. Qd2 Ba8 24. h4 Rbd8 25. Ne3 Nd4 26. f5 Kh8 27. Kh2 Bb7 28. Rf2 Qg7 29. Ref1 g5 30. hxg5 Qxg5 31. Nc2 Qh5+ 32. Kg1 Nxc2 33. Qxc2 Qg4 34. Qd3 Rg8 35. Rd2 Qxg3 36. Qxg3 Rxg3 37. Kf2 Rdg8 38. Bf3 Rh3 39. Rh1 Rxh1 40. Bxh1 Rf8 41. Rxd6 Rf7 42. Bf3 Kg7 43. Ke3 Rc7 44. Rb6 1/2-1/2

[Event "44th Chess Olympiad Women 2022"]
[Site "Chennai"]
[Date "2022.08.02"]
[Round "5.16"]
[White "Martynkova, Olena"]
[Black "Houska, Jovanka"]
[Result "1/2-1/2"]
[ECO "E08"]
[WhiteElo "2213"]
[BlackElo "2360"]
[Annotator "RC"]
[PlyCount "48"]
[EventDate "2022.07.29"]
[EventType "team-tourn"]
[EventCountry "IND"]
[SourceTitle "playchess.com"]
[Source "ChessBase"]
[SourceQuality "1"]
[WhiteTeam "Lithuania"]
[BlackTeam "England"]
[WhiteTeamCountry "LTU"]
[BlackTeamCountry "ENG"]
[TimeControl "40/5400+30:1800+30"]

1. d4 d5 2. c4 e6 3. Nf3 Nf6 4. g3 Bb4+ 5. Bd2 Be7 6. Qc2 O-O 7. Bg2 c6 8. O-O Nbd7 9. Bf4 b6 10. cxd5 cxd5 11. Bc7 Qe8 12. Nc3 Ba6 13. Qa4 Qc8 14. Rfc1 Qb7 15. Nb5 Rfc8 16. Bf4 Bxb5 17. Qxb5 h6 18. Qd3 b5 19. Ne5 a5 20. Nxd7 Qxd7 21. Rxc8+ Rxc8 22. Rc1 b4 23. Rc2 Rc6 24. b3 Bd8 1/2-1/2

[Event "44th Chess Olympiad Women 2022"]
[Site "Chennai"]
[Date "2022.08.02"]
[Round "5.16"]
[White "Varney, Zoe"]
[Black "Simkunaite, Gabija"]
[Result "1/2-1/2"]
[ECO "B10"]
[WhiteElo "2045"]
[BlackElo "2010"]
[Annotator "NA RC"]
[PlyCount "64"]
[EventDate "2022.07.29"]
[EventType "team-tourn"]
[EventCountry "IND"]
[SourceTitle "playchess.com"]
[Source "ChessBase"]
[SourceQuality "1"]
[WhiteTeam "England"]
[BlackTeam "Lithuania"]
[WhiteTeamCountry "ENG"]
[BlackTeamCountry "LTU"]
[TimeControl "40/5400+30:1800+30"]

1. e4 c6 2. Nf3 d5 3. d3 Bg4 4. Qe2 Nd7 5. h3 Bxf3 6. Qxf3 Ngf6 7. g3 e6 8. Bg2 Bc5 9. O-O O-O 10. Qe2 Qc7 11. Kh2 e5 12. f4 exf4 13. gxf4 dxe4 14. dxe4 Rfe8 15. e5 Nxe5 16. fxe5 Rxe5 17. Bf4 Rxe2 18. Bxc7 Rxc2 19. Nc3 Bd4 20. Rad1 Bxc3 21. bxc3 Nd5 22. Bf4 Re8 23. Kh1 Rxc3 24. Bxd5 cxd5 25. Rxd5 Rxh3+ 26. Kg2 Ra3 27. Rf2 f6 28. Rd7 b6 29. Rc2 Ra4 30. Rcc7 Rxf4 31. Rxg7+ Kh8 32. Rxh7+ Kg8 1/2-1/2

[Event "44th Chess Olympiad Women 2022"]
[Site "Chennai"]
[Date "2022.08.02"]
[Round "5.16"]
[White "Sibajeva, Marija"]
[Black "Yao, Lan"]
[Result "0-1"]
[ECO "B47"]
[WhiteElo "2032"]
[BlackElo "2274"]
[Annotator "NA RC"]
[PlyCount "80"]
[EventDate "2022.07.29"]
[EventType "team-tourn"]
[EventCountry "IND"]
[SourceTitle "playchess.com"]
[Source "ChessBase"]
[SourceQuality "1"]
[WhiteTeam "Lithuania"]
[BlackTeam "England"]
[WhiteTeamCountry "LTU"]
[BlackTeamCountry "ENG"]
[TimeControl "40/5400+30:1800+30"]

1. e4 c5 2. Nf3 e6 3. d4 cxd4 4. Nxd4 Nc6 5. Nc3 Qc7 6. Ndb5 Qb8 7. Be3 a6 8. Bb6 axb5 9. Nxb5 Bb4+ 10. c3 Ba5 11. Nc7+ Qxc7 12. Bxc7 Bxc7 13. Qg4 g6 14. Bb5 Nge7 15. h4 Ne5 16. Qe2 h5 17. Qe3 b6 18. O-O O-O 19. Be2 d5 20. f4 Ng4 21. Bxg4 hxg4 22. h5 dxe4 23. hxg6 Nxg6 24. Qxe4 Ra5 25. g3 Rd5 26. f5 Re5 27. Qc4 Rc5 28. Qxg4 exf5 29. Qb4 Be6 30. Rf3 Rc4 31. Qb5 Rg4 32. Kf2 Ne5 33. Rf4 Rg6 34. Rh4 Bd7 35. Qe2 Ng4+ 36. Kg2 Re8 37. Qd3 Ne3+ 38. Kf3 Rxg3+ 39. Kf2 Rg2+ 40. Ke1 Bg3# 0-1

[Event "44th Chess Olympiad Women 2022"]
[Site "Chennai"]
[Date "2022.08.02"]
[Round "5.17"]
[White "Borosova, Zuzana"]
[Black "Medic, Mirjana"]
[Result "1/2-1/2"]
[ECO "C11"]
[WhiteElo "2277"]
[BlackElo "2194"]
[Annotator "NA RC"]
[PlyCount "60"]
[EventDate "2022.07.29"]
[EventType "team-tourn"]
[EventCountry "IND"]
[SourceTitle "playchess.com"]
[Source "ChessBase"]
[SourceQuality "1"]
[WhiteTeam "Slovakia"]
[BlackTeam "Croatia"]
[WhiteTeamCountry "SVK"]
[BlackTeamCountry "CRO"]
[TimeControl "40/5400+30:1800+30"]

1. e4 e6 2. d4 d5 3. Nc3 Nf6 4. e5 Nfd7 5. f4 c5 6. Nf3 Nc6 7. Be3 a6 8. Qd2 b5 9. dxc5 Bxc5 10. Bd3 Qb6 11. Bf2 Bxf2+ 12. Qxf2 Nc5 13. O-O b4 14. Ne2 a5 15. Kh1 Ne7 16. Nfd4 Rb8 17. Qg3 Nxd3 18. cxd3 O-O 19. Rac1 Bd7 20. Rfd1 Rfc8 21. Qe3 Bb5 22. Rxc8+ Rxc8 23. Rc1 Rxc1+ 24. Nxc1 h6 25. Nf5 Qxe3 26. Nxe3 Nc6 27. Nc2 Ba4 28. b3 Bb5 29. Kg1 f6 30. d4 Kf7 1/2-1/2

[Event "44th Chess Olympiad Women 2022"]
[Site "Chennai"]
[Date "2022.08.02"]
[Round "5.17"]
[White "Sucikova, Svetlana"]
[Black "Radikovic, Anamarija"]
[Result "1-0"]
[ECO "E62"]
[WhiteElo "2188"]
[BlackElo "2099"]
[Annotator "NA RC"]
[PlyCount "87"]
[EventDate "2022.07.29"]
[EventType "team-tourn"]
[EventCountry "IND"]
[SourceTitle "playchess.com"]
[Source "ChessBase"]
[SourceQuality "1"]
[WhiteTeam "Slovakia"]
[BlackTeam "Croatia"]
[WhiteTeamCountry "SVK"]
[BlackTeamCountry "CRO"]
[TimeControl "40/5400+30:1800+30"]

1. Nf3 Nf6 2. g3 g6 3. Bg2 Bg7 4. O-O O-O 5. d4 d6 6. c4 Nc6 7. Nc3 Bg4 8. h3 Bxf3 9. Bxf3 Nd7 10. e3 e5 11. d5 Ne7 12. Bg2 f5 13. e4 a5 14. Be3 f4 15. Bd2 Nc5 16. Rb1 Nc8 17. Nb5 Nb6 18. b3 c6 19. Nc3 Qf6 20. Qf3 a4 21. Ne2 axb3 22. axb3 Ra2 23. Rfd1 cxd5 24. cxd5 Nxe4 25. Qxe4 f3 26. Nc3 fxg2 27. Be3 Ra6 28. Nb5 Nd7 29. Rbc1 Bh6 30. Nc7 Ra2 31. Ne6 Re2 32. Qh4 g5 33. Qg4 Qf3 34. Nxf8 Qxg4 35. hxg4 Bxf8 36. Bxg5 Nc5 37. Be3 Ne4 38. Rc8 Kf7 39. Kxg2 Nf6 40. g5 Nd7 41. Rdc1 Nc5 42. Rc7+ Kg6 43. Bxc5 dxc5 44. Rd1 1-0

[Event "44th Chess Olympiad Women 2022"]
[Site "Chennai"]
[Date "2022.08.02"]
[Round "5.17"]
[White "Berke, Ana"]
[Black "Hagarova, Zuzana"]
[Result "1/2-1/2"]
[ECO "B53"]
[WhiteElo "2163"]
[BlackElo "2293"]
[Annotator "NA RC"]
[PlyCount "91"]
[EventDate "2022.07.29"]
[EventType "team-tourn"]
[EventCountry "IND"]
[SourceTitle "playchess.com"]
[Source "ChessBase"]
[SourceQuality "1"]
[WhiteTeam "Croatia"]
[BlackTeam "Slovakia"]
[WhiteTeamCountry "CRO"]
[BlackTeamCountry "SVK"]
[TimeControl "40/5400+30:1800+30"]

1. e4 c5 2. Nf3 Nc6 3. Bb5 d6 4. d4 cxd4 5. Qxd4 Bd7 6. Bxc6 Bxc6 7. Nc3 Nf6 8. Bg5 e6 9. O-O-O Be7 10. Qd3 Qa5 11. h4 Qa6 12. Qd2 O-O 13. Nd4 Rfc8 14. f3 b5 15. Kb1 Be8 16. g4 Rc4 17. Nce2 Rac8 18. Bxf6 Bxf6 19. g5 Be7 20. h5 Bf8 21. g6 h6 22. Rhg1 fxg6 23. hxg6 d5 24. exd5 e5 25. Ne6 Rxc2 26. Qxc2 Rxc2 27. Kxc2 Qa4+ 28. Kb1 Bxg6+ 29. Ka1 b4 30. b3 Qe8 31. Ng3 Qf7 32. Nxf8 Qxf8 33. Rgf1 Qc5 34. Ne4 Qb5 35. d6 Be8 36. Rf2 a5 37. Rc2 a4 38. Rc8 Kh7 39. Rxe8 Qe2 40. Rd2 Qxf3 41. d7 Qh1+ 42. Kb2 a3+ 43. Kc2 Qxe4+ 44. Kd1 Qh1+ 45. Ke2 Qe4+ 46. Kd1 1/2-1/2

[Event "44th Chess Olympiad Women 2022"]
[Site "Chennai"]
[Date "2022.08.02"]
[Round "5.17"]
[White "Ivekovic, Tihana"]
[Black "Mrvova, Alena"]
[Result "1-0"]
[ECO "A32"]
[WhiteElo "2082"]
[BlackElo "2165"]
[Annotator "NA RC"]
[PlyCount "115"]
[EventDate "2022.07.29"]
[EventType "team-tourn"]
[EventCountry "IND"]
[SourceTitle "playchess.com"]
[Source "ChessBase"]
[SourceQuality "1"]
[WhiteTeam "Croatia"]
[BlackTeam "Slovakia"]
[WhiteTeamCountry "CRO"]
[BlackTeamCountry "SVK"]
[TimeControl "40/5400+30:1800+30"]

1. d4 Nf6 2. c4 e6 3. Nf3 c5 4. Nc3 cxd4 5. Nxd4 Bb4 6. e3 O-O 7. Be2 d5 8. cxd5 Nxd5 9. Bd2 Nxc3 10. Bxc3 Bxc3+ 11. bxc3 e5 12. Nb3 Qc7 13. Qc2 Be6 14. O-O Nd7 15. Rfd1 Rac8 16. Rac1 Nb6 17. Qe4 f5 18. Qb1 Rf6 19. Bf3 Qf7 20. c4 g5 21. c5 Nd5 22. Na5 Rc7 23. Be2 Rh6 24. Qb2 e4 25. Qe5 Nf6 26. Nc4 Ne8 27. Rd8 Rd7 28. Nd6 Rxd8 29. Nxf7 Kxf7 30. g4 Rf6 31. gxf5 Rxf5 32. Bh5+ Ke7 33. Qh8 Rf6 34. Qxh7+ Kf8 35. Qxb7 Ng7 36. Be2 Rf7 37. Qxe4 Bd5 38. Qg6 Ne6 39. Bh5 Rg7 40. Qf6+ Kg8 41. c6 Rf8 42. Qe5 Nc7 43. a4 g4 44. e4 Bf7 45. Qxc7 Bxh5 46. Qg3 Bg6 47. c7 Rc8 48. Qd6 Kh7 49. e5 Bf5 50. e6 Rgg8 51. Rc5 Bg6 52. Qd7+ Kh6 53. e7 Rge8 54. Rc6 Kh7 55. Qe6 Rg8 56. e8=Q Rcxe8 57. c8=Q Rxc8 58. Rxc8 1-0

[Event "44th Chess Olympiad Women 2022"]
[Site "Chennai"]
[Date "2022.08.02"]
[Round "5.18"]
[White "Movsesian, Julia"]
[Black "Nazarova, Anastasia"]
[Result "1-0"]
[ECO "C76"]
[WhiteElo "2291"]
[BlackElo "2208"]
[Annotator "NA RC"]
[PlyCount "87"]
[EventDate "2022.07.29"]
[EventType "team-tourn"]
[EventCountry "IND"]
[SourceTitle "playchess.com"]
[Source "ChessBase"]
[SourceQuality "1"]
[WhiteTeam "Czech Republic"]
[BlackTeam "Finland"]
[WhiteTeamCountry "CZE"]
[BlackTeamCountry "FIN"]
[TimeControl "40/5400+30:1800+30"]

1. e4 e5 2. Nf3 Nc6 3. Bb5 a6 4. Ba4 d6 5. O-O Bd7 6. c3 g6 7. d4 Bg7 8. Re1 Nge7 9. Be3 O-O 10. Nbd2 Qe8 11. Bb3 h6 12. h3 Kh7 13. Nf1 Rd8 14. Ng3 Na5 15. Bc2 Nc4 16. Bc1 Bc8 17. Qe2 Nb6 18. Be3 Nd7 19. Rad1 Nc6 20. Nh2 Qe7 21. f4 Rfe8 22. Ng4 Nf6 23. f5 h5 24. Nxf6+ Qxf6 25. Rf1 Qe7 26. Nxh5 gxh5 27. Qxh5+ Kg8 28. Bb3 d5 29. exd5 Na5 30. f6 Bxf6 31. d6 Rxd6 32. Qg6+ Kh8 33. Bxf7 Bg5 34. Qh5+ Rh6 35. Qxg5 Qxg5 36. Bxg5 Rhe6 37. Bxe8 Rxe8 38. Bf6+ Kg8 39. Bxe5 Nc4 40. Rde1 c6 41. b3 Na3 42. Re3 Re6 43. Rg3+ Kh7 44. Rf8 1-0

[Event "44th Chess Olympiad Women 2022"]
[Site "Chennai"]
[Date "2022.08.02"]
[Round "5.18"]
[White "Petrova, Kristyna"]
[Black "Puuska, Heini"]
[Result "1-0"]
[ECO "C41"]
[WhiteElo "2238"]
[BlackElo "2010"]
[Annotator "NA RC"]
[PlyCount "121"]
[EventDate "2022.07.29"]
[EventType "team-tourn"]
[EventCountry "IND"]
[SourceTitle "playchess.com"]
[Source "ChessBase"]
[SourceQuality "1"]
[WhiteTeam "Czech Republic"]
[BlackTeam "Finland"]
[WhiteTeamCountry "CZE"]
[BlackTeamCountry "FIN"]
[TimeControl "40/5400+30:1800+30"]

1. Nf3 d6 2. d4 Nd7 3. e4 e5 4. Nc3 Ngf6 5. Bc4 Be7 6. O-O O-O 7. Re1 c6 8. a4 h6 9. h3 Re8 10. a5 Qc7 11. Bf1 b5 12. axb6 Nxb6 13. b3 exd4 14. Nxd4 d5 15. exd5 Nbxd5 16. Nxd5 Nxd5 17. Ba3 Bb7 18. Bxe7 Rxe7 19. Qg4 Nf6 20. Rxe7 Qxe7 21. Nf5 Qf8 22. Nxh6+ Kh8 23. Qh4 gxh6 24. Qxf6+ Qg7 25. Qxg7+ Kxg7 26. Ba6 Bxa6 27. Rxa6 Rd8 28. Rxc6 Rd1+ 29. Kh2 a5 30. Rc4 Kf6 31. Kg3 Rd5 32. Kf3 h5 33. g3 Ke5 34. Ke3 Rb5 35. Re4+ Kf6 36. Rf4+ Ke6 37. Kd4 Ke7 38. Kc4 Re5 39. h4 Ke6 40. Kd3 Rb5 41. Kc3 f6 42. Kb2 Re5 43. Ka3 Ke7 44. Ka4 Ke6 45. Rf3 Rc5 46. c4 Ke5 47. Rd3 f5 48. Rd5+ Rxd5 49. cxd5 Kxd5 50. Kxa5 Ke4 51. b4 Kf3 52. b5 Kxf2 53. b6 Kxg3 54. b7 Kxh4 55. b8=Q Kh3 56. Qf4 h4 57. Kb4 Kg2 58. Qxh4 Kf3 59. Qh3+ Ke4 60. Kc4 f4 61. Qd3+ 1-0